 Dungeon Crawl Stone Soup version 0.30.1-3-gfc49f6343a (webtiles) character file.

Game seed: 10908854644026006095

95 Fortress the Insei (level 4, 0/48 HPs)
             Began as a Djinni Transmuter on Aug 8, 2023.
             Slain by Edmund
             ... wielding a +2 flail of protection
              (9 damage)
             ... on level 3 of the Dungeon.
             The game lasted 00:09:20 (2390 turns).

Fortress the Insei (Djinni Transmuter)              Turns: 2390, Time: 00:09:21

Health: 0/48       AC: 22    Str: 11    XL:     4   Next: 95%
Gold:   143        EV:  2    Int: 15    God:
                   SH:  0    Dex: 13

rFire   . .          .
                       - Unarmed
rCold   . . .        (no shield)
rNeg    . . .        m - melded +0 leather armour
rPois   ∞            (helmet currently unavailable)
rElec   .            (cloak currently unavailable)
rCorr   .            i - melded +0 pair of gloves
SInv    .            (boots unavailable)
Will    .....        (no amulet)
Stlth   +            (no ring)
HPRegen 0.28/turn    (no ring)
MPRegen 0.00/turn

%: infuse magic (-1 HP)
@: tree-form, wereblooded
A: stationary, stasis, torment immunity, boosted hp, sickness immunity, (fire
resistance 2), (cold vulnerability 1), float, innate caster, HP casting, extra
vitality 1
a: no special abilities


You were on level 3 of the Dungeon.
You were a tree.
You visited 1 branch of the dungeon, and saw 4 of its levels.

You collected 143 gold pieces.

Inventory:

Missiles
 e - 6 poisoned darts
Armour
 i - a +0 pair of gloves (melded)
 m - a +0 leather armour (melded)
Scrolls
 d - 3 scrolls of identify {unknown}
 f - a scroll of immolation {unknown}
 g - a scroll of poison {unknown}
 h - a scroll of fear {unknown}
 l - a scroll of teleportation {unknown}
 o - a scroll of vulnerability {unknown}
 q - a scroll of enchant armour {unknown}
Potions
 a - a potion of heal wounds {unknown}
 b - a potion of lignification
 c - 2 potions of magic {unknown}
 j - a potion of curing {unknown}
 k - 2 potions of degeneration {unknown}
 n - a potion of flight {unknown}
 p - 2 potions of mutation {unknown}


   Skills:
 + Level 1.2 Fighting
 + Level 2.7 Dodging
 + Level 4.2 Unarmed Combat
 + Level 2.4 Spellcasting


You knew the following spells:

 Your Spells              Type           Power      Damage    Failure   Level
a - Beastly Appendage     Tmut           18%        N/A       8%          1
b - Wereblood             Tmut           9%         N/A       12%         2
c - Spider Form           Tmut/Pois      9%         N/A       24%         3
d - Ice Form              Ice/Tmut       9%         N/A       61%         4
e - Apportation           Tloc           18%        N/A       8%          1
Your spell library was empty.

Dungeon Overview and Level Annotations

Branches:
Dungeon (4/15)             Temple (0/1) D:4

Altars:
Dithmenos
Fedhas
Ru
Uskayaw
Wu Jian

Annotations:
D:3 Edmund


Innate Abilities, Weirdness & Mutations

You are a tree.
Your roots penetrate the ground, keeping you stationary.
You cannot be teleported.
You are immune to unholy pain and torment.
Your maximum health is greatly increased.
Your equipment is partially melded.
You are immune to sickness and miasma.
You are immune to poison.
((Your flesh is very heat resistant. (rF++)))
((You are vulnerable to cold. (rC-)))
You float through the air rather than walking.
You learn spells naturally, not from books.
Your magical power is your life essence.
You have superior vitality. (+4 MHP)


Message History

You see here a +0 dagger.
There is a shadowy altar of Dithmenos here.
You hover solemnly before the altar of Dithmenos.
There is a stone staircase leading down here.
You fly downwards.
Edmund shouts!
The adder hisses angrily.
Found an emerald ring, 8 gold pieces and a pink potion.
Found a stone staircase leading up and a staircase to the Ecumenical Temple.
There is a stone staircase leading up here.
Edmund closely misses you.
You fly upwards.
There is a stone staircase leading down here.
Casting: Beastly Appendage (safe; 11% risk of failure)
Confirm with . or Enter, or press ? or * to list all spells.
You grow a pair of large bovine horns.
Edmund hits you with a +2 flail of protection.
Edmund misses you.
Casting: Beastly Appendage (safe; 11% risk of failure)
Confirm with . or Enter, or press ? or * to list all spells.
Your blood is infused with primal strength.
Edmund hits you with a +2 flail of protection!
Edmund hits you with a +2 flail of protection!
* * * LOW HITPOINT WARNING * * *
You hit Edmund but do no damage. You headbutt Edmund.
Edmund is lightly wounded.
Really quaff the potion of lignification?
Your horns disappear.
You turn into a tree.
Your +0 pair of gloves melds into your body.
Your +0 leather armour melds into your body.
Your roots penetrate the ground.
Edmund hits you with a +2 flail of protection.
* * * LOW HITPOINT WARNING * * *
You smack Edmund!
Edmund is moderately wounded.
Edmund hits you but does no damage.
You hit Edmund.
Edmund is moderately wounded.
Edmund hits you with a +2 flail of protection!
You die...

##.# #.....^.# ###........##.
##..# #.......###.....###.####
##..## #.......##..###.# #.##
...## #.......##.####.###..###
.##############.##..##..........#
..............#..<.###..........#
############...<....##...........
#.........##.####.#..............
.............#..♣.....##########.
:..PPPPP........@...........##...
.PPP...PPP............#####......
PP......PPPP.#...................
....PPP....P.#........########...
..PPPPPP.....#.######## ####
PPPP...PPPP..#.# PP..._...PPP.#.#
...#...#.)...#.#


You could see Edmund.

Vanquished Creatures
  3 adders (D:2)
  A worm (D:2)
  A dart slug (D:2)
  4 orcs (D:3)
  5 ball pythons
  6 bats
  2 endoplasms
  2 giant cockroaches
  6 goblins
  6 hobgoblins
  4 jackals (D:2)
  2 quokkas
  2 frilled lizards
  6 kobolds
  3 rats (D:2)
53 creatures vanquished.

Notes
Turn   | Place    | Note
-------+----------+-------------------------------------------
     0 | D:1      | Fortress the Djinni Transmuter began the quest for the Orb.
     0 | D:1      | Fortress set off with the following spells memorised:
                  | Beastly Appendage, Wereblood, Spider Form, Ice Form.
     0 | D:1      | Reached XP level 1. HP: 17/17 MP: 0/0
   197 | D:1      | Reached XP level 2. HP: 22/22 MP: 0/0
   829 | D:2      | Reached XP level 3. HP: 23/27 MP: 0/0
   829 | D:2      | Learned a level 1 spell: Apportation
  1118 | D:2      | Reached XP level 4. HP: 27/32 MP: 0/0
  1183 | D:2      | Reached skill level 4 in Unarmed Combat
  1677 | D:3      | Found a sacrificial altar of Ru.
  1890 | D:3      | Found a hide-covered altar of Uskayaw.
  1937 | D:3      | Found an ornate altar of the Wu Jian Council.
  1979 | D:3      | Found a blossoming altar of Fedhas.
  1994 | D:3      | Found a shadowy altar of Dithmenos.
  2380 | D:4      | Noticed Edmund
  2380 | D:4      | Found a staircase to the Ecumenical Temple.
  2390 | D:3      | Slain by Edmund

Illustrated notes

Levels and vault maps discovered:
D:1:      dpeg_arrival_boxes_within_box, layout_basic
D:2:      layout_loops_ring
D:3:      layout_rooms, nicolae_uskayaw_dance_hall, nzn_wu_jian_council_hall,
          nicolae_ru_sacrificial_ziggurat, mainiacjoe_overflow_catch_the_wave
D:4:      layout_cave_pods, minmay_temple_entry_tees, uniq_edmund,
          uniq_eustachio, uniq_sigmund

Skill      XL: |  1  2  3  4 |
---------------+-------------+-----
Spellcasting   | 2 |  2.4
Unarmed Combat | 4 |  4.2
Fighting       | |  1.2
Dodging        | |  2.7

Action                     |  1- 3 |  4- 6 || total
---------------------------+-------+-------++-------
  Melee: Unarmed           |    96 |    70 ||   166
         Headbutt          |    14 |     9 ||    23
         Punch             |     3 |     3 ||     6
   Cast: Beastly Appendage |    20 |    14 ||    34
         Wereblood         |       |     2 ||     2
    Use: Potion            |       |     2 ||     2
   Stab: Sleeping          |       |     1 ||     1
 Armour: Robe              |    21 |     4 ||    25
         Leather armour    |       |    13 ||    13
         Skin              |       |     1 ||     1
  Dodge: Dodged            |    81 |    59 ||   140
